 Dungeon Crawl Stone Soup version 0.24.1-14-gf8d2b509d9 (webtiles) character file.

Game seed: 1568742776323634541, levelgen mode: deterministic

237299 nightchill the Warrior (level 20, -6/142 HPs)
             Began as a Kobold Berserker on May 17, 2020.
             Was a Priest of Trog.
             Killed from afar by a deep elf knight (22 damage)
             ... with a shard of ice
             ... led by an ironheart preserver
             ... on level 13 of the Dungeon on May 20, 2020.
             The game lasted 05:40:45 (70311 turns).

nightchill the Warrior (Kobold Berserker)          Turns: 70311, Time: 05:40:45

Health: -6/142     AC: 14    Str: 23    XL:     20   Next: 0%
Magic:  0/29       EV: 16    Int:  7    God:    Trog [***...]
Gold:   490        SH:  0    Dex: 16    Spells: 19/19 levels left

rFire    + + +     SeeInvis .   X - +0 lajatang
rCold    + + .     Gourm    .   (shield currently unavailable)
rNeg     . . .     Faith    .   s - +0 plate armour {rPois}
rPois    +         Spirit   +   F - +0 hat of Recklessness {rElec rF++ Str+2 Int-2}
rElec    +         Reflect  .   k - scarf {rC+ rF+}
rCorr    .         Harm     .   L - +0 pair of gloves
MR       ++++.                  J - +0 pair of boots
Stlth    ..........             r - amulet "Obbaz" {Spirit +Blink}
HPRegen  1.33/turn              i - ring of protection from cold
MPRegen  0.21/turn              v - ring of protection from magic

@: berserk cooldown, very slightly contaminated, regenerating, slowed, drained,
invisible, very slow
A: small, carnivore
}: 2/15 runes: decaying, serpentine
a: Berserk, Trog's Hand, Renounce Religion, Evoke Blink


You were on level 13 of the Dungeon.
You worshipped Trog.
Trog was most pleased with you.
You were not hungry.

You visited 8 branches of the dungeon, and saw 35 of its levels.

You collected 3827 gold pieces.
You spent 3337 gold pieces at shops.

Inventory:

Hand Weapons
 a - a +6 quick blade
 b - a +1 arbalest of velocity
 w - the +10 short sword of the Evil Eye {flame, *Noise rPois rC++ Str+3}
   (You found it on level 10 of the Dungeon)

   It has been specially enchanted to burn those struck by it, causing extra
   injury to most foes and up to half again as much damage against particularly
   susceptible opponents.
   It affects your strength (+3).
   It greatly protects you from cold.
   It protects you from poison.
   It may make noises in combat.
 X - a +0 lajatang (weapon)
Missiles
 u - 406 bolts
 N - 3 throwing nets (quivered)
 S - 11 curare-tipped darts
Armour
 k - a scarf of resistance (worn)
 s - a +0 plate armour of poison resistance (worn)
 F - the +0 hat of Recklessness (worn) {rElec rF++ Str+2 Int-2}
   (You found it on level 5 of the Dungeon)

   It affects your strength (+2).
   It affects your intelligence (-2).
   It greatly protects you from fire.
   It insulates you from electricity.
 J - a +0 pair of boots (worn)
 L - a +0 pair of gloves (worn)
Jewellery
 i - a ring of protection from cold (left hand)
 q - an uncursed amulet of the acrobat
 r - the amulet "Obbaz" (around neck) {Spirit +Blink}
   (You bought it in a shop on level 2 of the Snake Pit)

   [amulet of guardian spirit]

   It causes incoming damage to be split between your health and magic.
   It lets you blink.
 v - a ring of protection from magic (right hand)
 C - the ring "Daustrel" {rC+ rN++ Int-2}
   (You found it on level 4 of the Snake Pit)

   [ring of protection from cold]

   It affects your intelligence (-2).
   It protects you from cold.
   It greatly protects you from negative energy.
 I - an uncursed ring of protection from cold
Wands
 e - a wand of digging (19)
 y - a wand of iceblast (30)
 B - a wand of paralysis (15)
 E - a wand of enslavement (13)
 G - a wand of disintegration (4)
 R - a wand of polymorph (6)
Scrolls
 h - 17 scrolls of remove curse
 n - 3 scrolls of enchant weapon
 o - 5 scrolls of teleportation
 t - a scroll of enchant armour
 x - 2 scrolls of fog
 O - 2 scrolls of magic mapping
 T - 3 scrolls of identify
 Y - a scroll of summoning
Potions
 d - 4 potions of agility
 f - 3 potions of lignification
 j - a potion of flight
 l - 3 potions of magic
 m - 5 potions of curing
 z - 4 potions of might
 A - 3 potions of haste
 D - 3 potions of berserk rage
 P - a potion of resistance
 Q - a potion of brilliance
 U - 2 potions of cancellation
 W - 3 potions of invisibility
Miscellaneous
 g - a lightning rod (4/4)
 H - a phantom mirror
 M - 2 boxes of beasts
 V - a sack of spiders
Comestibles
 c - 30 rations


   Skills:
 + Level 20.8(19.5) Fighting
 - Level 12.0(10.9) Short Blades
 * Level 10.8(9.7) Staves
 - Level 18.0(16.7) Crossbows
 - Level 5.0(4.0) Armour
 - Level 14.0(12.8) Dodging
   Level 5.6(4.6) Shields
 - Level 12.0(10.9) Evocations


You had 19 spell levels left.
You didn't know any spells.
Your spell library contained the following spells:

 Spells                   Type           Power        Failure   Level  Hunger
 Beastly Appendage        Tmut           #.....       100%        1    ##.....
 Infusion                 Chrm           #...         100%        1    ##.....
 Magic Dart               Conj           #...         100%        1    ##.....
 Shock                    Conj/Air       #...         100%        1    ##.....
 Blink                    Tloc           N/A          100%        2    ###....
 Call Imp                 Summ           #.......     100%        2    ###....
 Poisonous Vapours        Pois/Air       #.....       100%        2    ###....
 Shroud of Golubria       Chrm/Tloc      #.....       100%        2    ###....
 Slow                     Hex            #.......     100%        2    ###....
 Song of Slaying          Chrm           #.......     100%        2    ###....
 Sticks to Snakes         Tmut           #.......     100%        2    ###....
 Swiftness                Chrm/Air       #.......     100%        2    ###....
 Conjure Flame            Conj/Fire      #.......     100%        3    ####...
 Mephitic Cloud           Conj/Pois/Air  #.......     100%        3    ####...
 Regeneration             Chrm/Necr      #.........   100%        3    ####...
 Spectral Weapon          Hex/Chrm       #.......     100%        3    ####...
 Spider Form              Tmut/Pois      #.........   100%        3    ####...
 Static Discharge         Conj/Air       #.......     100%        3    ####...
 Stone Arrow              Conj/Erth      #.....       100%        3    ####...
 Ice Form                 Ice/Tmut       #.......     100%        4    #####..
 Leda's Liquefaction      Hex/Erth       #.........   100%        4    #####..
 Blade Hands              Tmut           #.........   100%        5    ######.
 Bolt of Magma            Conj/Fire/Erth #.........   100%        5    ######.
 Silence                  Hex/Air        #.........   100%        5    ######.
 Deflect Missiles         Chrm/Air       #.........   100%        6    #######
 Freezing Cloud           Conj/Ice/Air   #.........   100%        6    #######
 Iron Shot                Conj/Erth      #.........   100%        6    #######
 Statue Form              Tmut/Erth      #........    100%        6    #######
 Ring of Flames           Chrm/Fire      #.........   100%        7    #######
 Shatter                  Erth           #.........   100%        9    #######


Dungeon Overview and Level Annotations

Branches:
Dungeon (15/15)            Temple (1/1) D:4            Lair (6/6) D:8
  Swamp (4/4) Lair:2        Snake (4/4) Lair:2          Orc (2/2) D:11
    Elf (2/3) Orc:2        Vaults (1/5) D:13         Depths (0/5) D:15
  Slime: Lair:5-6

Altars:
Ashenzari
Cheibriados
Dithmenos
Elyvilon
Fedhas
Gozag
Hepliaklqana
Kikubaaqudgha
Makhleb
Nemelex Xobeh
Okawaru
Qazlal
Ru
Sif Muna
Trog
Uskayaw
Vehumet
Wu Jian
Xom
Yredelemnul
Zin
The Shining One

Shops:
D:5 *   D:6 [   Orc:1 (   Orc:2 :*[?   Elf:1 *!   Snake:1 %   Snake:2 =}}

Annotations:
D:3 exclusion: downstairs
D:7 exclusion: downstairs
D:12 exclusion: downstairs
D:14 Roxanne
Lair:1 exclusion: downstairs
Lair:2 exclusion: downstairs
Lair:5 exclusions: downstairs and oklob plant
Swamp:1 exclusion: 2 downstairs
Snake:1 exclusion: downstairs
Snake:2 exclusions: downstairs and 1 more exclusion
Snake:4 2 exclusions
Orc:1 exclusion: downstairs
Elf:1 Asterion


Innate Abilities, Weirdness & Mutations

You are small and have problems with some larger weapons.
You are carnivorous and can eat meat at any time.


Message History

You miss something.
Items here: ( ) [ † a bolt; a +0 dire flail; a +0 ring mail; a human corpse You butcher the human corpse.
You feel a strong urge to attack something.
Items here: % ( ) [ ÷ a bolt; a +0 dire flail; a +0 ring mail; 3 chunks of flesh; a human skeleton Eating one of 3 chunks of flesh.
You eat one of the 3 chunks of flesh.
This raw flesh tastes great.
You are no longer berserk.
You are exhausted.
You feel yourself slow down. Something hits you.
* * * LOW HITPOINT WARNING * * *
You start resting.
You feel the effects of Trog's Hand fading.
You hear some strange, mumbled words.
A shard of ice appears from out of thin air!
The shard of ice hits you!! You partially resist.
You die...

#.# ###########.#### #.#
###########...####
#.#######...........##....
#.#...........#####.##.###
#.#.....#.#.#.# #.##.# ###
#.#...........# #.##.#
..######.#.....###.#.###
#.##.#
#...............∩#....)#
#.##.#
########.##.....@#.#.#)#
#.##.# ######
#.##.....(....#)# #.##.#
.....#
#.##..........#.###)##.#
.###.#
#.######......#....)...#
.###.# #.#
##..########.#### ..##.#
#.# ##............# ..##.#
#.# ############.# ..##.#
#.# #.# ####.# #.# #.#


There were no monsters in sight!

Vanquished Creatures
  Vashnia (Snake:4)
  2 thorn hunters
  Kirke (D:14)
  Agnes (D:14)
  8 nagarajas (Snake:4)
  A fire giant (D:15)
  An orc warlord (Orc:1)
  Aizul (Snake:1)
  An ironheart preserver (D:13)
  Nessos (Orc:2)
  Azrael (D:14)
  A deep elf death mage (Elf:1)
  Josephine (Lair:6)
  Snorg (Lair:5)
  A deep elf high priest (Elf:1)
  A yaktaur captain (D:13)
  An ogre mage (D:13)
  Harold (D:7)
  12 hydras
  2 ghost crabs
  5 catoblepae
  3 shambling mangroves
  20 naga warriors
  5 anacondas
  A dancing weapon (Elf:1)
  3 centaur warriors
  2 two-headed ogres
  2 tengu warriors (D:13)
  15 alligators
  5 orc high priests
  Urug (Orc:1)
  11 death yaks
  4 shock serpents
  10 naga sharpshooters
  4 deep elf knights
  A small abomination (Elf:1)
  2 spriggan druids
  3 unseen horrors
  A sea snake (Snake:2)
  A wizard (D:13)
  4 skeletal warriors
  5 swamp dragons
  9 naga ritualists
  2 spectral hydras (Swamp:4)
  4 deep elf archers (Elf:1)
  3 orc knights
  11 ugly things
  10 mana vipers
  25 deep elf magi
  3 cyclopes
  17 salamanders
  5 manticores
  2 orc sorcerers
  Maurice (D:10)
  36 naga magi
  4 elephants
  32 black mambas
  2 guardian serpents (Snake:1)
  Psyche (D:12)
  8 spiny frogs
  A rime drake (Lair:4)
  10 komodo dragons
  2 yaktaurs (D:13)
  A kobold demonologist (D:13)
  3 swamp worm zombies (Swamp:4)
  4 trolls
  2 hydra zombies (Swamp:4)
  A queen bee (D:12)
  8 tyrant leeches
  A polar bear (Lair:2)
  3 meliai (D:12)
  4 hippogriffs
  2 spectral swamp dragons (Swamp:4)
  11 hornets
  22 slime creatures
  4 dream sheep
  14 blink frogs
  14 bog bodies
  3 alligator zombies (Swamp:4)
  A meliai zombie (D:14)
  A centaur simulacrum (D:15)
  7 shadows
  An air elemental (D:10)
  Sigmund (D:3)
  2 water elementals (Elf:1)
  A spriggan (Swamp:4)
  4 hogs (D:9)
  5 wraiths
  3 wyverns
  48 yaks
  A human (D:9)
  A steam dragon (D:11)
  9 basilisks
  5 fire elementals
  13 vampire mosquitoes
  5 wargs
  Menkaure (D:4)
  10 insubstantial wisps
  9 swamp worms
  A soldier ant (D:10)
  41 nagas
  2 acid dragons
  13 porcupines
  2 hell hounds (D:14)
  42 orc warriors
  13 water moccasins
  3 swamp drakes
  5 swamp dragon zombies (Swamp:4)
  A black bear (Lair:1)
  3 necrophages
  3 ice beasts
  8 phantoms
  An eye of draining (shapeshifter) (D:13)
  4 sky beasts
  17 ogres
  6 wolves (Lair:2)
  15 centaurs
  11 crocodiles
  2 big kobolds (D:10)
  13 bullfrogs
  An earth elemental (D:10)
  A wyvern skeleton (D:14)
  5 scorpions
  20 killer bees
  7 wights (D:13)
  A howler monkey (D:6)
  4 electric eels
  12 crimson imps
  A quasit (D:9)
  2 centaur zombies
  4 jellies
  Crazy Yiuf (D:4)
  3 centaur skeletons
  5 hounds
  29 orc priests
  50 orc wizards
  A gnoll shaman (D:5)
  7 iguanas
  4 hell rats (Lair:5)
  2 spectral swamp drakes (Swamp:4)
  8 worker ants
  2 hound skeletons
  2 worker ant zombies
  10 gnolls
  2 swamp drake zombies (Swamp:4)
  13 adders
  5 shadow imps
  An ooze (D:1)
  6 adder skeletons
  4 worms
  3 dart slugs
  8 leopard geckos
  127 orcs
  2 ball pythons
  9 bats
  3 giant cockroaches
  9 goblins
  7 hobgoblins
  9 jackals
  7 quokkas
  2 frilled lizards
  A giant cockroach zombie (D:6)
  16 kobolds
  12 rats
  A plant (D:8)
1196 creatures vanquished.

Vanquished Creatures (others)
  A guardian serpent (Snake:4)
  A spiny frog (Lair:5)
  A water elemental (D:10)
  3 humans (D:14)
  2 insubstantial wisps (Swamp:4)
  An orc (Orc:1)
  4 briar patches (Swamp:4)
  A bush (D:8)
  11 fungi
  22 plants
47 creatures vanquished.

Grand Total: 1243 creatures vanquished

Notes
Turn   | Place    | Note
-------+----------+-------------------------------------------
     0 | D:1      | nightchill the Kobold Berserker began the quest for the
                  | Orb.
     0 | D:1      | Reached XP level 1. HP: 14/14 MP: 1/1
   242 | D:1      | Reached XP level 2. HP: 15/19 MP: 2/2
   734 | D:1      | Reached XP level 3. HP: 23/23 MP: 3/3
  1297 | D:1      | Reached skill level 5 in Short Blades
  1544 | D:2      | Reached ** piety under Trog
  1578 | D:2      | Reached XP level 4. HP: 29/29 MP: 4/4
  2126 | D:2      | Reached skill level 4 in Fighting
  2129 | D:2      | Reached XP level 5. HP: 33/33 MP: 5/5
  2556 | D:2      | Found a white marble altar of Elyvilon.
  2787 | D:2      | Found a glowing silver altar of Zin.
  2875 | D:3      | Noticed Sigmund
  2882 | D:3      | Killed Sigmund
  2882 | D:3      | Reached XP level 6. HP: 39/39 MP: 6/6
  3199 | D:3      | Reached XP level 7. HP: 44/44 MP: 7/7
  3480 | D:3      | Reached skill level 5 in Fighting
  4509 | D:4      | Found a staircase to the Ecumenical Temple.
  4520 | Temple   | Entered the Ecumenical Temple
  4727 | D:4      | Reached skill level 5 in Dodging
  4727 | D:4      | Reached skill level 1 in Shields
  4840 | D:4      | Reached *** piety under Trog
  5013 | D:4      | Noticed Menkaure
  5024 | D:4      | Killed Menkaure
  5024 | D:4      | Reached XP level 8. HP: 50/50 MP: 8/8
  5564 | D:4      | Found a runed translucent door.
  5565 | D:4      | Noticed Crazy Yiuf
  5572 | D:4      | Killed Crazy Yiuf
  5614 | D:4      | Got a polished mace
  5615 | D:4      | Identified the +2 mace of Death {pain, MR+ Str+3 Int+2
                  | Dex+4} (You found it on level 4 of the Dungeon)
  5652 | D:5      | Entered Level 5 of the Dungeon
  5652 | D:5      | Found Tuust's General Store.
  6052 | D:5      | Found an opulent altar of Gozag.
  6192 | D:5      | Reached skill level 6 in Fighting
  6467 | D:5      | Reached XP level 9. HP: 55/55 MP: 9/9
  6713 | D:5      | Reached skill level 10 in Short Blades
  6807 | D:5      | Got an encrusted hat
  6813 | D:5      | Identified the +0 hat of Recklessness {rElec rF++ Str+2
                  | Int-2} (You found it on level 5 of the Dungeon)
  8461 | D:6      | Found Nileodoe's Armour Shop.
  8676 | D:7      | Noticed a hippogriff
  8690 | D:6      | Killed a hippogriff
  8938 | D:7      | Reached skill level 7 in Fighting
  9240 | D:7      | Found a basalt altar of Yredelemnul.
  9253 | D:7      | Noticed Harold
  9270 | D:7      | Killed Harold
  9270 | D:7      | Reached XP level 10. HP: 62/64 MP: 10/10
  9901 | D:8      | Reached skill level 8 in Fighting
 10091 | D:8      | Reached **** piety under Trog
 10263 | D:8      | Found a staircase to the Lair.
 10373 | D:8      | Reached skill level 5 in Shields
 10704 | D:8      | Noticed a two-headed ogre
 11041 | D:8      | Reached skill level 9 in Fighting
 11427 | D:8      | Reached XP level 11. HP: 65/71 MP: 11/11
 12291 | D:9      | Reached skill level 10 in Fighting
 12334 | D:9      | Reached skill level 10 in Dodging
 12442 | D:10     | Entered Level 10 of the Dungeon
 12665 | D:10     | Reached ***** piety under Trog
 12665 | D:10     | Reached skill level 1 in Evocations
 12820 | D:10     | Found a large runed translucent door.
 12820 | D:10     | Found a large runed translucent door.
 12918 | D:10     | Got a smoking short sword
 12939 | D:10     | Identified the +10 short sword of the Evil Eye {flame,
                  | *Noise rPois rC++ Str+3} (You found it on level 10 of the
                  | Dungeon)
 14135 | D:11     | Reached skill level 11 in Fighting
 14177 | D:11     | Noticed Maurice
 14237 | D:10     | Killed Maurice
 14292 | D:11     | Found a staircase to the Orcish Mines.
 14844 | D:11     | Noticed a two-headed ogre
 14886 | D:11     | Killed a two-headed ogre
 15013 | D:11     | Noticed a deep elf mage
 15031 | D:11     | Killed a deep elf mage
 15416 | D:11     | Noticed a centaur warrior
 15426 | D:11     | Killed a centaur warrior
 15426 | D:11     | Reached XP level 12. HP: 80/80 MP: 14/14
 15505 | D:11     | Killed an unseen horror
 16130 | Lair:1   | Entered Level 1 of the Lair of Beasts
 16222 | D:8      | Reached skill level 12 in Fighting
 16788 | D:8      | Killed a two-headed ogre
 16851 | D:8      | Reached skill level 5 in Evocations
 19080 | Lair:2   | Found a staircase to the Swamp.
 19211 | Lair:2   | Found a staircase to the Snake Pit.
 19355 | Lair:2   | Reached skill level 13 in Fighting
 19594 | Lair:2   | Reached XP level 13. HP: 88/88 MP: 17/17
 20039 | Lair:2   | Reached skill level 5 in Armour
 21151 | Lair:3   | Noticed a seven-headed hydra
 21603 | Lair:3   | Killed a seven-headed hydra
 21603 | Lair:3   | Reached skill level 14 in Fighting
 21735 | Lair:3   | Got a wizard robe
 21813 | Lair:3   | Noticed a catoblepas
 21825 | Lair:3   | Killed a catoblepas
 22631 | Lair:4   | Noticed an eight-headed hydra
 22642 | Lair:4   | Killed an eight-headed hydra
 23889 | Lair:5   | Found a shadowy altar of Dithmenos.
 24815 | Lair:6   | Entered Level 6 of the Lair of Beasts
 24981 | Lair:6   | Noticed Snorg
 25565 | Orc:1    | Entered Level 1 of the Orcish Mines
 26420 | Orc:1    | Noticed Urug
 26656 | Orc:1    | Killed Urug
 26656 | Orc:1    | Reached skill level 15 in Fighting
 26656 | Orc:1    | Reached XP level 14. HP: 87/98 MP: 20/20
 26660 | Orc:1    | Noticed an orc warlord
 28394 | Orc:1    | Killed an orc warlord
 28649 | Orc:1    | Found Ditharr's Antique Weapon Emporium.
 29019 | Orc:1    | Found a shimmering altar of Xom.
 29069 | Orc:1    | Bought a hand crossbow for 119 gold pieces
 29081 | Orc:2    | Entered Level 2 of the Orcish Mines
 29677 | Orc:1    | Reached skill level 1 in Crossbows
 31082 | Orc:2    | Noticed Nessos
 31474 | Orc:2    | Found Huvebainn's Magic Scroll Emporium.
 31474 | Orc:2    | Found Xiutriciso's General Store.
 31475 | Orc:2    | Found Saohegh's Book Shoppe.
 32011 | Orc:2    | Killed Nessos
 32011 | Orc:2    | Reached skill level 10 in Evocations
 32613 | Orc:2    | Found a staircase to the Elven Halls.
 32697 | Orc:2    | Found Moiqu's Antique Armour Emporium.
 33183 | Orc:2    | Identified the +1 robe of Sloth {rC+ Dex+8 Stlth-} (You
                  | found it on level 3 of the Lair of Beasts)
 33219 | Orc:2    | Bought a scarf of spirit shield for 126 gold pieces
 33219 | Orc:2    | Bought an uncursed amulet of the acrobat for 420 gold
                  | pieces
 33287 | Orc:2    | Bought a wand of enslavement (13) for 210 gold pieces
 33523 | Lair:6   | Reached skill level 5 in Crossbows
 34161 | Lair:6   | Reached skill level 16 in Fighting
 34715 | Lair:6   | Received a gift from Trog
 34932 | Lair:5   | Killed Snorg
 34932 | Lair:5   | Reached XP level 15. HP: 84/104 MP: 17/22
 35129 | Lair:6   | Noticed Josephine
 35150 | Lair:6   | Killed Josephine
 38057 | D:12     | Identified the cursed +1 robe of Zurizu {MR+ Str+3}
 38096 | D:12     | Noticed Psyche
 38144 | D:11     | Received a gift from Trog
 38243 | D:12     | Killed Psyche
 38243 | D:12     | Reached skill level 17 in Fighting
 39606 | D:13     | Reached skill level 10 in Crossbows
 39750 | D:13     | Found a gate to the Vaults.
 39950 | D:12     | Received a gift from Trog
 40741 | D:13     | Reached XP level 16. HP: 112/112 MP: 21/24
 40901 | D:13     | Identified Idimiom Tupi's Tome of Earthen Flight
 41426 | D:14     | Noticed Agnes
 41428 | D:14     | Killed Agnes
 41469 | D:14     | Noticed Kirke
 41477 | D:14     | Killed Kirke
 42247 | D:14     | Noticed Azrael
 42345 | D:14     | Killed Azrael
 43211 | D:14     | Identified Roxanne's Papyrus of Clay
 43211 | D:14     | Noticed Roxanne
 43514 | D:15     | Entered Level 15 of the Dungeon
 43730 | D:15     | Found a staircase to the Depths.
 43731 | D:15     | Noticed a fire giant
 43739 | D:15     | Killed a fire giant
 43931 | D:15     | Received a gift from Trog
 44626 | Swamp:1  | Entered Level 1 of the Swamp
 45160 | Swamp:1  | Received a gift from Trog
 45423 | Swamp:1  | Reached skill level 18 in Fighting
 47195 | Swamp:2  | Reached XP level 17. HP: 110/120 MP: 23/26
 48939 | Swamp:2  | Paralysed by a hornet for 3 turns
 49080 | Swamp:3  | Noticed a tentacled monstrosity
 49216 | Swamp:3  | Noticed a thorn hunter
 49332 | Swamp:3  | Killed a thorn hunter
 49463 | Swamp:3  | Reached skill level 15 in Crossbows
 49485 | Swamp:3  | Received a gift from Trog
 49601 | Swamp:3  | Identified a scroll of acquirement
 49780 | Swamp:3  | Got a twisted rapier
 49781 | Swamp:3  | Identified the +1 rapier of the Absolute Madman {elec, rF+
                  | rN+ MR+ Dex-5} (You acquired it on level 3 of the Swamp)
 49805 | Swamp:4  | Entered Level 4 of the Swamp
 50529 | Swamp:4  | Received a gift from Trog
 52422 | Swamp:4  | Noticed a bone dragon
 53214 | Swamp:4  | Noticed a thorn hunter
 53227 | Swamp:4  | Killed a thorn hunter
 53272 | Swamp:4  | Reached skill level 19 in Fighting
 53856 | Swamp:4  | Got a decaying rune of Zot
 54294 | Snake:1  | Entered Level 1 of the Snake Pit
 54708 | Snake:1  | Found Qagann's Food Boutique.
 54772 | Snake:1  | Noticed Aizul
 54886 | Snake:1  | Received a gift from Trog
 55053 | Snake:1  | Killed Aizul
 55425 | Snake:2  | Reached XP level 18. HP: 86/127 MP: 18/27
 56375 | Snake:2  | Found a hide-covered altar of Uskayaw.
 56465 | Snake:2  | Got a twisted plate armour
 56469 | Snake:2  | Identified the +5 plate armour "Jepnedgh" {Int+5} (You
                  | found it on level 2 of the Snake Pit)
 56518 | Snake:2  | Received a gift from Trog
 57033 | Snake:2  | Received a gift from Trog
 57404 | Snake:2  | Found Fosoes's Jewellery Emporium.
 57404 | Snake:2  | Found Gadet's Gadget Boutique.
 57405 | Snake:2  | Found Lienged's Gadget Boutique.
 58216 | Snake:2  | Bought the amulet "Obbaz" {Spirit +Blink} for 748 gold
                  | pieces
 58417 | D:6      | Bought a scarf of resistance for 384 gold pieces
 58839 | Snake:3  | Reached skill level 1 in Staves
 60680 | Snake:4  | Entered Level 4 of the Snake Pit
 60945 | Snake:4  | Received a gift from Trog
 61136 | Snake:4  | Noticed Vashnia
 61887 | Snake:4  | Got a transparent platinum ring
 61888 | Snake:4  | Identified the ring "Daustrel" {rC+ rN++ Int-2} (You found
                  | it on level 4 of the Snake Pit)
 61950 | Snake:4  | Reached skill level 5 in Staves
 62019 | Snake:4  | Killed Vashnia
 63040 | Snake:4  | Reached skill level 20 in Fighting
 63129 | Snake:4  | Reached XP level 19. HP: 65/135 MP: 15/28
 63861 | Snake:4  | Received a gift from Trog
 64377 | Snake:4  | Received a gift from Trog
 65268 | Snake:4  | Received a gift from Trog
 65770 | Snake:4  | Got a serpentine rune of Zot
 65782 | Snake:4  | Received a gift from Trog
 66981 | Elf:1    | Entered Level 1 of the Elven Halls
 67192 | Elf:1    | Reached skill level 10 in Staves
 67846 | Elf:1    | Found Rufel's Distillery.
 67852 | Elf:1    | Bought a potion of heal wounds for 70 gold pieces
 67852 | Elf:1    | Bought a potion of heal wounds for 70 gold pieces
 67975 | Elf:1    | Received a gift from Trog
 68087 | Elf:1    | Found Eath's Eclectic Emporium.
 68100 | Elf:1    | Identified the +4 shield of Cer Ated {Dex+6}
 68100 | Elf:1    | Noticed Asterion
 68115 | Elf:1    | Found an ancient bone altar of Kikubaaqudgha.
 68404 | Elf:1    | You fall into a shaft and drop 1 floor!
 69979 | Snake:2  | Bought a lightning rod (4/4) for 680 gold pieces
 69979 | Snake:2  | Bought a phantom mirror for 510 gold pieces
 70240 | Vaults:1 | Entered Level 1 of the Vaults
 70283 | D:13     | Received a gift from Trog
 70283 | D:13     | Reached XP level 20. HP: 38/142 MP: 2/29
 70311 | D:13     | Killed from afar by a deep elf knight

Levels and vault maps discovered:
D:1:      nagdon_arrival_double_spiral, layout_basic, minmay_pentomino_x2
D:2:      lemuel_upstairs_altar, layout_rooms, elyvilon_altar_5
D:3:      layout_loops_ring, first_ration, uniq_sigmund
D:4:      layout_rooms, minmay_temple_entry_tees, minivault_5,
          kennysheep_potato, uniq_menkaure, uniq_crazy_yiuf_cottage
D:5:      layout_loops_corners, serial_shops, nicolae_shop_stone, basic_altar
D:6:      layout_gridville, serial_shops, shop, grunt_ministairs_15
D:7:      layout_rooms, lemuel_crystal_altar, uniq_harold
D:8:      layout_cave_pods, minmay_lair_entry_grove
D:9:      layout_big_octagon, grunt_livestock
D:10:     layout_irregular_city, minmay_misc_feat_chi,
          chequers_decorated_corner, lightli_elemental_guards
D:11:     minmay_opposing_rooms, layout_cave_pools, david_orc_2,
          kennysheep_generic_room_10, uniq_maurice
D:12:     layout_rooms, nrook_pool_corridor, minivault_7, uniq_psyche
D:13:     minmay_triangles_in_corner, layout_loops_ring, david_vaults_2
D:14:     layout_rooms, minmay_misc_feat_cross, minmay_nine_imps, uniq_agnes,
          uniq_kirke, uniq_roxanne, uniq_azrael
D:15:     grunt_enter_depths_giant_problem, layout_cave_pods
Temple:   grunt_wide_crystal_templ
Lair:1:   beast_lair_carwin_large_1, layout_small_grid
Lair:2:   layout_regular_city, skrybe_swamp_entry_bodies, dummy_snake_entry,
          grunt_megastairs_2
Lair:3:   layout_cave_pods, serial_rivers, chequers_serial_rivers_micro_e,
          chequers_serial_rivers_marsh, chequers_serial_rivers_micro_e,
          chequers_serial_rivers_micro_b
Lair:4:   layout_gridlike, serial_bayou_shore_b
Lair:5:   layout_roguey, minmay_slime_entry_oklob_enclosed, basic_altar,
          serial_bayou_shore_a, lemuel_fruit_tree
Lair:6:   evilmike_catoblepas_cave, layout_small_grid, serial_bayou_crossing,
          uniq_josephine, uniq_snorg
Swamp:1:  layout_basic_swamp, nicolae_swamp_dense_foliage
Swamp:2:  layout_falls_marsh, evilmike_swamp_ruin_house_6
Swamp:3:  cheibrodos_swamp_monstrosity, layout_basic_swamp,
          evilmike_swamp_ruin_house_4
Swamp:4:  swamp_pestilence, layout_basic_swamp
Snake:1:  layout_rooms, serial_shops, shop, uniq_aizul
Snake:2:  layout_basic, basic_altar, serial_bayou_pond_a, grunt_ministairs_6,
          serial_bayou_shore_b, minmay_shop_grove
Snake:3:  layout_grid_shapes
Snake:4:  snake_pit, layout_basic, uniq_vashnia
Orc:1:    layout_caves, basic_altar, serial_shops, shop, uniq_urug
Orc:2:    st_orc_mages, layout_caves, uniq_nessos
Elf:1:    minmay_elf_arrival_circle, layout_onion_city, basic_altar,
          serial_shops, nicolae_shop_behind_doors,
          kennysheep_underground_church, fountainhead, nicolae_alphabet_shops,
          uniq_asterion
Elf:2:    layout_onion_city, serial_shops, shop, mu_enter_wizlab_6
Vaults:1: nicolae_vaults_yaktaur_gun_rack, vaults_dpeg_hooks, kb_rosetta,
          vaults_room_large_hall, v_rooms_3, vaults_room_fancy_cross,
          v_alt_pattern_6, v_alt_pattern_2, v_misc_22, vaults_mumra_lcd,
          hangedman_vaults_stretched_pinwheel, hangedman_vaults_trim,
          nicolae_vaults_rhombus_5, layout_vaults_ring

Skill      XL: |  1  2  3  4  5  6  7  8  9 10 11 12 13 14 15 16 17 18 19 |
---------------+----------------------------------------------------------+-----
Dodging        | 3 4 5 6 7 9 10 11 13 14 | 14.0
Short Blades   | 5 7 8 9 12 | 12.0
Fighting       | 4 5 6 7 9 11 13 15 16 17 18 19 20 | 20.8
Shields        | 1 2 4 5 |  5.6
Evocations     | 3 6 9 10 11 12 | 12.0
Armour         | 3 4 5 |  5.0
Crossbows      | 6 10 14 17 18 | 18.0
Staves         | 6 10 | 10.8

Action                   |  1- 3 |  4- 6 |  7- 9 | 10-12 | 13-15 | 16-18 | 19-21 || total
-------------------------+-------+-------+-------+-------+-------+-------+-------++-------
Melee: Short sword       |   135 |     5 |    43 |   249 |   488 |   507 |    14 ||  1441
       Dagger            |       |    80 |   524 |  1100 |  1574 |   488 |       ||  3766
       Quick blade       |       |       |       |       |       |   448 |       ||   448
       Arbalest          |       |       |       |       |       |       |     3 ||     3
       Lajatang          |       |       |       |       |       |       |    17 ||    17
 Fire: Fustibalus        |       |       |       |     2 |       |       |       ||     2
       Hand crossbow     |       |       |       |       |   265 |   526 |       ||   791
       Arbalest          |       |       |       |       |       |   247 |   551 ||   798
Throw: Dart              |       |       |     3 |    12 |     6 |    19 |       ||    40
Invok: Berserk           |     2 |    13 |     9 |    35 |    54 |    28 |     2 ||   143
       Trog's Hand       |       |     4 |     9 |    14 |    27 |    20 |    12 ||    86
       Brothers in Arms  |       |       |       |       |       |       |     1 ||     1
 Abil: Evoke Blink       |       |       |       |       |       |       |     2 ||     2
Evoke: Wand              |       |       |       |     1 |    42 |    37 |     3 ||    83
       Sack of spiders   |       |       |       |       |       |     1 |       ||     1
       Box of beasts     |       |       |       |       |       |       |     1 ||     1
  Use: Scroll            |       |       |    16 |    12 |     9 |    19 |     6 ||    62
       Potion            |       |       |     1 |     2 |       |     5 |     8 ||    16
  Eat: Chunk             |    12 |    17 |    32 |    70 |   124 |    63 |    15 ||   333
       Ration            |       |       |       |       |     1 |    17 |     8 ||    26
Armor: Leather armour    |    10 |       |       |       |       |       |       ||    10
       Ring mail         |    19 |    25 |    22 |    90 |    85 |       |       ||   241
       Scale mail        |       |       |    50 |       |    96 |   205 |       ||   351
       Plate armour      |       |       |       |       |       |    39 |    74 ||   113
Dodge: Dodged            |    99 |    58 |   190 |   483 |  1138 |  1124 |   184 ||  3276
Block: Buckler           |       |       |    60 |   167 |   394 |   345 |       ||   966
